Avalanche vs Blues

Created - 13 mars 2019 at 22:33

Goals
1 2 3 T
Avalanche 1 2 1 4
Blues 1 0 0 1
Shots
1 2 3 T
Avalanche 4 12 8 24
Blues 7 12 13 32

1st period

1. Avalanche , Tomas Hertl 16 (Dylan Larkin 13) at 2:39 (SH)
2. Blues , Derrick Pouliot 1 (Mike Fisher 17, Thomas Hickey 11) at 3:44 (PP)

Penalties :
Alexandre Burrows (COL) for Hooking (Minor) at 2:19

2nd period

3. Avalanche , Jaccob Slavin 8 (Sami Vatanen 26, Tomas Hertl 14) at 13:24 (PP)
4. Avalanche , Dylan Larkin 14 (Tomas Hertl 15, Jaccob Slavin 12) at 17:15

Penalties :
Greg Pateryn (STL) for Hooking (Minor) at 6:28, Derrick Pouliot (STL) for Hooking (Minor) at 13:14, Derrick Pouliot (STL) for Cross-checking (Minor) at 18:28

3rd period

5. Avalanche , Jaccob Slavin 9 (Tomas Hertl 16, Alexander Steen 15) at 10:44

Penalties :
Johnny Boychuk (STL) for Hooking (Minor) at 7:31, Tomas Hertl (COL) for Delaying the game (Minor) at 11:37

Goalie Stats

Tristan Jarry (COL), 31 saves from 32 shots - (0.969), W, 6-13-2, 60:00 minutes
Jimmy Howard (STL), 20 saves from 24 shots - (0.833), L, 3-8-0, 60:00 minutes

Players Stats for Avalanche

Player Name              G  A  P  +/- PIM S  H  SB GA TA FO     MP     PP MP  PK MP  
------------------------------------------------------------------------------------
Alexander Steen          0  1  1   2  0   2  0  0  0  0  0/3    19:18   3:50   0:48 
Alexandre Burrows        0  0  0   0  2   0  1  1  0  0  0/0    11:45   0:00   1:11 
Andrew MacDonald         0  0  0   0  0   1  0  2  0  0  0/0    14:51   0:00   0:00 
Chris Tanev              0  0  0   1  0   0  0  2  0  0  0/0    20:18   3:11   1:33 
David Krejci             0  0  0   0  0   1  0  1  0  0  6/11   12:58   0:00   0:35 
Derek Stepan             0  0  0   0  0   3  1  0  0  0  11/12  13:26   0:00   0:35 
Dylan Larkin             1  1  2   3  0   5  2  1  0  0  17/33  20:49   3:50   2:19 
Henrik Sedin             0  0  0   0  0   0  0  0  0  0  8/15   12:52   2:17   0:00 
Jaccob Slavin            2  1  3   2  0   2  0  0  0  0  0/0    24:51   2:56   1:51 
Mats Zuccarello          0  0  0   0  0   3  0  0  0  0  0/2    12:51   0:00   0:00 
Matt Grzelcyk            0  0  0   0  0   0  0  1  0  0  0/0    14:51   0:00   0:00 
Mitch Marner             0  0  0   0  0   1  0  0  0  0  0/1    14:40   2:17   0:00 
Ryan Dzingel             0  0  0   0  0   1  1  0  0  0  0/0    14:40   2:17   0:00 
Sami Vatanen             0  1  1   2  0   0  3  4  0  0  0/0    24:51   2:56   1:51 
Sonny Milano             0  0  0   0  0   0  0  0  0  0  2/2    13:21   0:00   0:30 
Tomas Hertl              1  3  4   3  2   2  2  0  0  0  1/1    19:19   3:50   0:50 
Troy Stecher             0  0  0   1  0   0  0  1  0  0  0/0    20:18   3:11   1:33 
Ty Rattie                0  0  0   0  0   3  1  0  0  0  0/0    10:35   0:00   0:00 

Players Stats for Blues

Player Name              G  A  P  +/- PIM S  H  SB GA TA FO     MP     PP MP  PK MP  
------------------------------------------------------------------------------------
Anthony Duclair          0  0  0   0  0   0  0  0  0  0  0/0     3:52   0:00   0:14 
Chris Wagner             0  0  0  -1  0   1  2  0  0  0  1/1    15:54   1:39   0:00 
Colin Wilson             0  0  0   0  0   4  1  0  0  0  0/1    14:23   0:00   0:00 
Derrick Pouliot          1  0  1  -1  4   1  0  1  0  0  0/0    17:46   1:39   1:57 
Greg Pateryn             0  0  0  -1  2   0  0  0  0  0  0/1     7:12   0:00   0:00 
Gustav Nyquist           0  0  0  -2  0   2  1  0  0  0  0/3    23:23   1:45   2:27 
Johnny Boychuk           0  0  0  -1  2   0  3  1  0  0  0/0    21:55   1:45   2:04 
Jordie Benn              0  0  0   0  0   0  0  0  0  0  0/0    11:59   0:00   0:00 
Kevan Miller             0  0  0  -1  0   0  2  2  0  0  0/0    22:50   1:45   2:58 
Kris Versteeg            0  0  0  -1  0   4  0  0  0  0  1/2    15:54   1:39   0:00 
Michael Raffl            0  0  0   0  0   6  2  1  0  0  1/4    15:56   0:00   2:07 
Mike Fisher              0  1  1  -1  0   4  0  0  0  0  10/17  20:58   1:39   3:26 
Mikkel Boedker           0  0  0  -2  0   5  3  0  0  0  0/0    22:00   1:45   1:28 
Nathan Beaulieu          0  0  0   0  0   1  0  1  0  0  0/0    13:49   0:00   1:50 
Pierre-Edouard Bellemare 0  0  0   0  0   1  0  0  0  0  9/19   14:16   0:00   0:00 
Radek Faksa              0  0  0  -2  0   2  1  0  0  0  13/32  25:13   1:45   2:32 
Thomas Hickey            0  1  1  -1  0   1  0  1  0  0  0/0    19:00   1:39   3:09 
Tobias Enstrom           0  0  0  -1  0   0  0  0  0  0  0/0     7:29   0:00   0:16 

3 Stars

1 - Tomas Hertl (COL)
2 - Jaccob Slavin (COL)
3 - Dylan Larkin (COL)

Power Play

Avalanche - 1 on 4 Attempt(s) - 25.00%
Blues - 1 on 2 Attempt(s) - 50.00%

Penalty Kill

Avalanche - 1 on 2 Attempt(s) - 50.00% - Score 1 goal in Penalty Kill
Blues - 3 on 4 Attempt(s) - 75.00% - Score 0 goal in Penalty Kill

Team Stat

Avalanche - Hits : 11 - Faceoff Wins : 45 - Blocked Shots : 13 - Penalty Minutes : 4
Blues - Hits : 15 - Faceoff Wins : 35 - Blocked Shots : 7 - Penalty Minutes : 8

Official

Referees : Kelly Sutherland and Dan O'Halloran
Linesman : Tim Nowak and Lonnie Cameron

Game Notes

No Game Note

Finance

Level 1 -- Attendance: 6270 (96.46%) -- Ticket Income 633 270 $
Level 2 -- Attendance: 4232 (84.64%) -- Ticket Income 359 720 $
Level 3 -- Attendance: 2945 (84.14%) -- Ticket Income 176 700 $
Level 4 -- Attendance: 2212 (70.22%) -- Ticket Income 99 540 $
Luxury Box -- Attendance: 898 (89.80%) -- Ticket Income 179 600 $
Game was played at the Scottrade Center.
Total Attendance: 16557 (86.46%)
Total Ticket Income: 1 448 830 $
Other Income: 709 927 $
Total Income: 2 158 757 $

% Time on Ice - Avalanche

Lines # - Real PCT - Wanted PCT - Time Play
Normal Forward
1 - 29% - 30% - 14:40
2 - 25% - 25% - 12:23
3 - 25% - 25% - 12:51
4 - 21% - 20% - 10:35
Normal Defense
1 - 37% - 40% - 18:50
2 - 31% - 30% - 15:34
3 - 29% - 20% - 14:51
4 - 2% - 10% - 1:14
PP Forward
1 - 63% - 60% - 3:50
2 - 37% - 40% - 2:17
PP Defense
1 - 48% - 60% - 2:56
2 - 52% - 40% - 3:11
PK Forward
1 - 83% - 60% - 2:49
2 - 17% - 40% - 0:35
PK Defense
1 - 54% - 60% - 1:51
2 - 46% - 40% - 1:33
PK3 Forward
1 - 0% - 60%
2 - 0% - 40%
PK3 Defense
1 - 0% - 60%
2 - 0% - 40%
44 Forward
1 - 0% - 60%
2 - 0% - 40%
44 Defense
1 - 0% - 60%
2 - 0% - 40%
Last Minute Offensive  - 0:00
Last Minute Defensive  - 0:00
Total
Forward - 60:00
Defense - 60:00

% Time on Ice - Blues

Lines # - Real PCT - Wanted PCT - Time Play
Normal Forward
1 - 37% - 40% - 18:47
2 - 28% - 30% - 14:15
3 - 27% - 20% - 13:49
4 - 7% - 10% - 3:38
Normal Defense
1 - 36% - 40% - 18:07
2 - 28% - 30% - 14:12
3 - 24% - 20% - 11:59
4 - 12% - 10% - 6:11
PP Forward
1 - 51% - 60% - 1:45
2 - 49% - 40% - 1:39
PP Defense
1 - 51% - 60% - 1:45
2 - 49% - 40% - 1:39
PK Forward
1 - 76% - 60% - 4:39
2 - 24% - 40% - 1:28
PK Defense
1 - 49% - 60% - 2:58
2 - 51% - 40% - 3:09
PK3 Forward
1 - 0% - 60%
2 - 0% - 40%
PK3 Defense
1 - 0% - 60%
2 - 0% - 40%
44 Forward
1 - 0% - 60%
2 - 0% - 40%
44 Defense
1 - 0% - 60%
2 - 0% - 40%
Last Minute Offensive  - 0:00
Last Minute Defensive  - 0:00
Total
Forward - 60:00
Defense - 60:00

Play-by-Play

1st period


0:01 of 1st period - Dylan Larkin wins face-off versus Radek Faksa in neutral zone.
0:03 of 1st period - Jaccob Slavin is hit by Radek Faksa and loses puck.
0:24 of 1st period - Shot by Dylan Larkin.
0:24 of 1st period - Shot Misses the Net.
0:26 of 1st period - Shot by Alexander Steen.
0:26 of 1st period - Shot Misses the Net.
0:28 of 1st period - Shot by Jaccob Slavin.
0:28 of 1st period - Shot Misses the Net.
0:35 of 1st period - Alexander Steen is hit by Johnny Boychuk and loses puck.
0:42 of 1st period - Shot by Dylan Larkin.
0:42 of 1st period - Shot Blocked by Kevan Miller.
1:11 of 1st period - Mitch Marner is hit by Chris Wagner and loses puck.
1:40 of 1st period - Icing by Chris Wagner.
1:41 of 1st period - Mike Fisher wins face-off versus Henrik Sedin in Blues zone.
2:00 of 1st period - Shot by Henrik Sedin.
2:00 of 1st period - Shot Misses the Net.
2:19 of 1st period - Minor Penalty to Alexandre Burrows for Hooking.
2:20 of 1st period - Radek Faksa wins face-off versus Dylan Larkin in Avalanche zone.
2:39 of 1st period - Shot by Tomas Hertl.
2:39 of 1st period - Goal by Tomas Hertl - Avalanche : 1 - Blues : 0.
2:40 of 1st period - Dylan Larkin wins face-off versus Radek Faksa in neutral zone.
3:42 of 1st period - Shot by Mike Fisher.
3:42 of 1st period - Shot Hit the Post.
3:44 of 1st period - Shot by Derrick Pouliot.
3:44 of 1st period - Goal by Derrick Pouliot - Avalanche : 1 - Blues : 1.
3:45 of 1st period - Pierre-Edouard Bellemare wins face-off versus Henrik Sedin in neutral zone.
3:48 of 1st period - Alexandre Burrows is hit by Michael Raffl and loses puck.
4:15 of 1st period - Shot by Nathan Beaulieu.
4:15 of 1st period - Stopped by Tristan Jarry without a rebound.
4:16 of 1st period - Derek Stepan wins face-off versus Radek Faksa in Avalanche zone.
5:00 of 1st period - Shot by Thomas Hickey.
5:00 of 1st period - Shot Blocked by Sami Vatanen.
5:02 of 1st period - Shot by Michael Raffl.
5:02 of 1st period - Deflect By Colin Wilson.
5:02 of 1st period - Shot Misses the Net.
5:07 of 1st period - Shot by Pierre-Edouard Bellemare.
5:07 of 1st period - Stopped by Tristan Jarry without a rebound.
5:08 of 1st period - Dylan Larkin wins face-off versus Kris Versteeg in Avalanche zone.
5:19 of 1st period - Shot by Dylan Larkin.
5:19 of 1st period - Shot Misses the Net.
6:34 of 1st period - Off-side.
6:35 of 1st period - Henrik Sedin wins face-off versus Radek Faksa in neutral zone.
8:50 of 1st period - Shot by Tomas Hertl.
8:50 of 1st period - Shot Misses the Net.
8:54 of 1st period - Shot by Alexander Steen.
8:54 of 1st period - Stopped by Jimmy Howard without a rebound.
8:55 of 1st period - David Krejci wins face-off versus Mike Fisher in Blues zone.
10:28 of 1st period - Shot by Dylan Larkin.
10:28 of 1st period - Deflect By Alexander Steen.
10:28 of 1st period - Shot Blocked by Nathan Beaulieu.
10:49 of 1st period - Icing by Derrick Pouliot.
10:50 of 1st period - Derek Stepan wins face-off versus Greg Pateryn in Blues zone.
12:26 of 1st period - Shot by Pierre-Edouard Bellemare.
12:26 of 1st period - Deflect By Colin Wilson.
12:26 of 1st period - Shot Blocked by Sami Vatanen.
12:28 of 1st period - Shot by Colin Wilson.
12:28 of 1st period - Stopped by Tristan Jarry without a rebound.
12:29 of 1st period - Dylan Larkin wins face-off versus Mike Fisher in Avalanche zone.
13:03 of 1st period - Kris Versteeg is hit by Dylan Larkin.
13:35 of 1st period - Sami Vatanen is hit by Chris Wagner and loses puck.
14:01 of 1st period - Icing by Mike Fisher.
14:02 of 1st period - Mike Fisher wins face-off versus Henrik Sedin in Blues zone.
14:19 of 1st period - Shot by Gustav Nyquist.
14:19 of 1st period - Shot Misses the Net.
14:37 of 1st period - Shot by Mikkel Boedker.
14:37 of 1st period - Stopped by Tristan Jarry with a rebound.
15:08 of 1st period - Shot by Mitch Marner.
15:08 of 1st period - Shot Misses the Net.
15:20 of 1st period - Shot by David Krejci.
15:20 of 1st period - Shot Blocked by Thomas Hickey.
15:54 of 1st period - Shot by Radek Faksa.
15:54 of 1st period - Shot Misses the Net.
16:09 of 1st period - Icing by Jaccob Slavin.
16:10 of 1st period - Pierre-Edouard Bellemare wins face-off versus David Krejci in Avalanche zone.
16:17 of 1st period - Sami Vatanen is hit by Colin Wilson and loses puck.
17:04 of 1st period - Shot by Mike Fisher.
17:04 of 1st period - Shot Misses the Net.
17:14 of 1st period - Shot by Radek Faksa.
17:14 of 1st period - Stopped by Tristan Jarry with a rebound.
17:42 of 1st period - Shot by Kris Versteeg.
17:42 of 1st period - Stopped by Tristan Jarry without a rebound.
17:43 of 1st period - Sonny Milano wins face-off versus Pierre-Edouard Bellemare in Avalanche zone.
17:54 of 1st period - Shot by Mats Zuccarello.
17:54 of 1st period - Stopped by Jimmy Howard without a rebound.
17:55 of 1st period - Mike Fisher wins face-off versus Dylan Larkin in Blues zone.
18:14 of 1st period - Shot by Tomas Hertl.
18:14 of 1st period - Shot Blocked by Johnny Boychuk.
18:16 of 1st period - Shot by Tomas Hertl.
18:16 of 1st period - Shot Misses the Net.
18:23 of 1st period - Kris Versteeg is hit by Dylan Larkin and loses puck.
18:45 of 1st period - Icing by Andrew MacDonald.
18:46 of 1st period - Dylan Larkin wins face-off versus Gustav Nyquist in Avalanche zone.
19:33 of 1st period - Shot by Mats Zuccarello.
19:33 of 1st period - Stopped by Jimmy Howard without a rebound.
19:34 of 1st period - Henrik Sedin wins face-off versus Pierre-Edouard Bellemare in Blues zone.
Goals for this period are 1 for Avalanche vs 1 for Blues.
Shots for this period are 4 for Avalanche vs 7 for Blues.

2nd period


0:01 of 2nd period - Dylan Larkin wins face-off versus Radek Faksa in neutral zone.
0:22 of 2nd period - Shot by Dylan Larkin.
0:22 of 2nd period - Stopped by Jimmy Howard without a rebound.
0:23 of 2nd period - Mike Fisher wins face-off versus Derek Stepan in Blues zone.
0:23 of 2nd period - Mike Fisher is hit by Derek Stepan.
0:50 of 2nd period - Shot by Derrick Pouliot.
0:50 of 2nd period - Shot Misses the Net.
0:52 of 2nd period - Shot by Mike Fisher.
0:52 of 2nd period - Stopped by Tristan Jarry without a rebound.
0:53 of 2nd period - Dylan Larkin wins face-off versus Radek Faksa in Avalanche zone.
0:53 of 2nd period - Dylan Larkin is hit by Mikkel Boedker.
1:00 of 2nd period - Off-side.
1:01 of 2nd period - Radek Faksa wins face-off versus Dylan Larkin in neutral zone.
1:32 of 2nd period - Shot by Mikkel Boedker.
1:32 of 2nd period - Stopped by Tristan Jarry with a rebound.
1:34 of 2nd period - Shot by Johnny Boychuk.
1:34 of 2nd period - Shot Misses the Net.
1:43 of 2nd period - Off-side.
1:44 of 2nd period - Derek Stepan wins face-off versus Mike Fisher in neutral zone.
1:52 of 2nd period - Icing by Mats Zuccarello.
1:53 of 2nd period - Derek Stepan wins face-off versus Pierre-Edouard Bellemare in Avalanche zone.
2:09 of 2nd period - Icing by Michael Raffl.
2:10 of 2nd period - Henrik Sedin wins face-off versus Pierre-Edouard Bellemare in Blues zone.
2:37 of 2nd period - Shot by Michael Raffl.
2:37 of 2nd period - Stopped by Tristan Jarry without a rebound.
2:38 of 2nd period - Derek Stepan wins face-off versus Radek Faksa in Avalanche zone.
2:45 of 2nd period - Shot by Derek Stepan.
2:45 of 2nd period - Stopped by Jimmy Howard without a rebound.
2:46 of 2nd period - Radek Faksa wins face-off versus Dylan Larkin in Blues zone.
2:58 of 2nd period - Dylan Larkin is hit by Johnny Boychuk and loses puck.
3:09 of 2nd period - Shot by Gustav Nyquist.
3:09 of 2nd period - Stopped by Tristan Jarry without a rebound.
3:10 of 2nd period - Derek Stepan wins face-off versus Mike Fisher in Avalanche zone.
3:23 of 2nd period - Shot by Kris Versteeg.
3:23 of 2nd period - Shot Misses the Net.
3:25 of 2nd period - Shot by Chris Wagner.
3:25 of 2nd period - Stopped by Tristan Jarry with a rebound.
3:44 of 2nd period - Shot by Mike Fisher.
3:44 of 2nd period - Stopped by Tristan Jarry with a rebound.
3:47 of 2nd period - Icing by Jaccob Slavin.
3:48 of 2nd period - Derek Stepan wins face-off versus Radek Faksa in Avalanche zone.
4:48 of 2nd period - Shot by Ty Rattie.
4:48 of 2nd period - Stopped by Jimmy Howard without a rebound.
4:49 of 2nd period - Mike Fisher wins face-off versus Dylan Larkin in Blues zone.
5:04 of 2nd period - Shot by Chris Wagner.
5:04 of 2nd period - Shot Blocked by Andrew MacDonald.
5:29 of 2nd period - Shot by Dylan Larkin.
5:29 of 2nd period - Stopped by Jimmy Howard without a rebound.
5:30 of 2nd period - David Krejci wins face-off versus Pierre-Edouard Bellemare in Blues zone.
5:39 of 2nd period - Shot by Michael Raffl.
5:39 of 2nd period - Shot Misses the Net.
5:41 of 2nd period - Shot by Colin Wilson.
5:41 of 2nd period - Stopped by Tristan Jarry with a rebound.
5:43 of 2nd period - Shot by Pierre-Edouard Bellemare.
5:43 of 2nd period - Shot Misses the Net.
5:45 of 2nd period - Shot by Colin Wilson.
5:45 of 2nd period - Deflect By Michael Raffl.
5:45 of 2nd period - Stopped by Tristan Jarry with a rebound.
6:28 of 2nd period - Minor Penalty to Greg Pateryn for Hooking.
6:29 of 2nd period - Dylan Larkin wins face-off versus Radek Faksa in Blues zone.
6:45 of 2nd period - Shot by Tomas Hertl.
6:45 of 2nd period - Shot Misses the Net.
6:47 of 2nd period - Shot by Troy Stecher.
6:47 of 2nd period - Shot Misses the Net.
8:10 of 2nd period - Shot by Chris Tanev.
8:10 of 2nd period - Shot Blocked by Michael Raffl.
8:25 of 2nd period - Off-side.
8:26 of 2nd period - Henrik Sedin wins face-off versus Michael Raffl in neutral zone.
8:32 of 2nd period - Shot by Derek Stepan.
8:32 of 2nd period - Stopped by Jimmy Howard without a rebound.
8:33 of 2nd period - Pierre-Edouard Bellemare wins face-off versus Mats Zuccarello in Blues zone.
8:38 of 2nd period - Shot by Colin Wilson.
8:38 of 2nd period - Shot Blocked by Andrew MacDonald.
9:40 of 2nd period - Shot by Gustav Nyquist.
9:40 of 2nd period - Shot Misses the Net.
10:12 of 2nd period - Shot by Kris Versteeg.
10:12 of 2nd period - Stopped by Tristan Jarry without a rebound.
10:13 of 2nd period - Mike Fisher wins face-off versus Alexander Steen in Avalanche zone.
10:31 of 2nd period - Icing by Jaccob Slavin.
10:32 of 2nd period - Pierre-Edouard Bellemare wins face-off versus Dylan Larkin in Avalanche zone.
10:49 of 2nd period - Shot by Dylan Larkin.
10:49 of 2nd period - Stopped by Jimmy Howard without a rebound.
10:50 of 2nd period - Radek Faksa wins face-off versus David Krejci in Blues zone.
10:50 of 2nd period - Radek Faksa is hit by Ryan Dzingel.
10:53 of 2nd period - Icing by Gustav Nyquist.
10:54 of 2nd period - Radek Faksa wins face-off versus Henrik Sedin in Blues zone.
10:54 of 2nd period - Gustav Nyquist is hit by Alexandre Burrows and loses puck.
10:59 of 2nd period - Shot by Alexandre Burrows.
10:59 of 2nd period - Shot Misses the Net.
11:33 of 2nd period - Icing by Derrick Pouliot.
11:34 of 2nd period - Dylan Larkin wins face-off versus Radek Faksa in Blues zone.
12:04 of 2nd period - Dylan Larkin is hit by Kevan Miller and loses puck.
12:33 of 2nd period - Shot by David Krejci.
12:33 of 2nd period - Shot Misses the Net.
12:35 of 2nd period - Shot by Andrew MacDonald.
12:35 of 2nd period - Stopped by Jimmy Howard without a rebound.
12:36 of 2nd period - Pierre-Edouard Bellemare wins face-off versus Henrik Sedin in Blues zone.
13:01 of 2nd period - Shot by Ty Rattie.
13:01 of 2nd period - Stopped by Jimmy Howard without a rebound.
13:02 of 2nd period - Radek Faksa wins face-off versus David Krejci in Blues zone.
13:14 of 2nd period - Minor Penalty to Derrick Pouliot for Hooking.
13:15 of 2nd period - Dylan Larkin wins face-off versus Radek Faksa in Blues zone.
13:24 of 2nd period - Shot by Jaccob Slavin.
13:24 of 2nd period - Goal by Jaccob Slavin - Avalanche : 2 - Blues : 1.
13:25 of 2nd period - David Krejci wins face-off versus Pierre-Edouard Bellemare in neutral zone.
13:33 of 2nd period - Pierre-Edouard Bellemare is hit by Sami Vatanen and loses puck.
13:50 of 2nd period - Off-side.
13:51 of 2nd period - Dylan Larkin wins face-off versus Radek Faksa in neutral zone.
14:05 of 2nd period - Shot by Radek Faksa.
14:05 of 2nd period - Shot Misses the Net.
14:57 of 2nd period - Kevan Miller is hit by Sami Vatanen and loses puck.
15:33 of 2nd period - Chris Wagner is hit by Sami Vatanen and loses puck.
15:38 of 2nd period - Shot by Chris Wagner.
15:38 of 2nd period - Shot Blocked by David Krejci.
15:40 of 2nd period - Shot by Mike Fisher.
15:40 of 2nd period - Deflect By Kris Versteeg.
15:40 of 2nd period - Stopped by Tristan Jarry without a rebound.
15:41 of 2nd period - Pierre-Edouard Bellemare wins face-off versus Henrik Sedin in Avalanche zone.
16:00 of 2nd period - Shot by Colin Wilson.
16:00 of 2nd period - Shot Blocked by Alexandre Burrows.
16:04 of 2nd period - Shot by Colin Wilson.
16:04 of 2nd period - Stopped by Tristan Jarry with a rebound.
16:08 of 2nd period - Shot by Michael Raffl.
16:08 of 2nd period - Stopped by Tristan Jarry with a rebound.
16:45 of 2nd period - Icing by Tobias Enstrom.
16:46 of 2nd period - Kris Versteeg wins face-off versus Dylan Larkin in Blues zone.
17:15 of 2nd period - Shot by Tomas Hertl.
17:15 of 2nd period - Deflect By Dylan Larkin.
17:15 of 2nd period - Goal by Dylan Larkin - Avalanche : 3 - Blues : 1.
17:16 of 2nd period - Radek Faksa wins face-off versus David Krejci in neutral zone.
18:21 of 2nd period - Shot by Derek Stepan.
18:21 of 2nd period - Shot Misses the Net.
18:28 of 2nd period - Minor Penalty to Derrick Pouliot for Cross-checking.
18:29 of 2nd period - Dylan Larkin wins face-off versus Michael Raffl in Blues zone.
18:32 of 2nd period - Shot by Alexander Steen.
18:32 of 2nd period - Stopped by Jimmy Howard without a rebound.
18:33 of 2nd period - Radek Faksa wins face-off versus Dylan Larkin in Blues zone.
19:36 of 2nd period - Shot by Mitch Marner.
19:36 of 2nd period - Stopped by Jimmy Howard without a rebound.
19:37 of 2nd period - Henrik Sedin wins face-off versus Gustav Nyquist in Blues zone.
Goals for this period are 2 for Avalanche vs 0 for Blues.
Shots for this period are 12 for Avalanche vs 12 for Blues.

3rd period


0:01 of 3rd period - Dylan Larkin wins face-off versus Radek Faksa in neutral zone.
0:36 of 3rd period - Shot by Michael Raffl.
0:36 of 3rd period - Stopped by Tristan Jarry without a rebound.
0:37 of 3rd period - Henrik Sedin wins face-off versus Pierre-Edouard Bellemare in Avalanche zone.
0:37 of 3rd period - Henrik Sedin is hit by Michael Raffl.
0:43 of 3rd period - Jordie Benn is hit by Ty Rattie and loses puck.
0:49 of 3rd period - Icing by Pierre-Edouard Bellemare.
0:50 of 3rd period - Derek Stepan wins face-off versus Pierre-Edouard Bellemare in Blues zone.
1:11 of 3rd period - Shot by Derek Stepan.
1:11 of 3rd period - Stopped by Jimmy Howard without a rebound.
1:12 of 3rd period - Dylan Larkin wins face-off versus Radek Faksa in Blues zone.
1:42 of 3rd period - Shot by Tomas Hertl.
1:42 of 3rd period - Shot Misses the Net.
1:49 of 3rd period - Icing by Dylan Larkin.
1:50 of 3rd period - Mike Fisher wins face-off versus Dylan Larkin in Avalanche zone.
1:59 of 3rd period - Shot by Kris Versteeg.
1:59 of 3rd period - Stopped by Tristan Jarry without a rebound.
2:00 of 3rd period - Pierre-Edouard Bellemare wins face-off versus David Krejci in Avalanche zone.
2:29 of 3rd period - Shot by Colin Wilson.
2:29 of 3rd period - Stopped by Tristan Jarry without a rebound.
2:30 of 3rd period - Henrik Sedin wins face-off versus Radek Faksa in Avalanche zone.
2:32 of 3rd period - Andrew MacDonald is hit by Mikkel Boedker and loses puck.
2:52 of 3rd period - Shot by Gustav Nyquist.
2:52 of 3rd period - Deflect By Mikkel Boedker.
2:52 of 3rd period - Stopped by Tristan Jarry without a rebound.
2:53 of 3rd period - Mike Fisher wins face-off versus Dylan Larkin in Avalanche zone.
3:52 of 3rd period - Shot by Radek Faksa.
3:52 of 3rd period - Shot Blocked by Sami Vatanen.
4:02 of 3rd period - Shot by Radek Faksa.
4:02 of 3rd period - Stopped by Tristan Jarry without a rebound.
4:03 of 3rd period - Pierre-Edouard Bellemare wins face-off versus Mats Zuccarello in Avalanche zone.
4:40 of 3rd period - Shot by Michael Raffl.
4:40 of 3rd period - Shot Misses the Net.
5:13 of 3rd period - Shot by Gustav Nyquist.
5:13 of 3rd period - Shot Misses the Net.
5:15 of 3rd period - Shot by Mikkel Boedker.
5:15 of 3rd period - Stopped by Tristan Jarry with a rebound.
5:17 of 3rd period - Shot by Mikkel Boedker.
5:17 of 3rd period - Stopped by Tristan Jarry with a rebound.
5:51 of 3rd period - Shot by Chris Wagner.
5:51 of 3rd period - Shot Blocked by Sami Vatanen.
6:39 of 3rd period - Shot by Tobias Enstrom.
6:39 of 3rd period - Shot Blocked by Dylan Larkin.
6:41 of 3rd period - Shot by Michael Raffl.
6:41 of 3rd period - Stopped by Tristan Jarry without a rebound.
6:42 of 3rd period - Derek Stepan wins face-off versus Radek Faksa in Avalanche zone.
7:25 of 3rd period - Kevan Miller is hit by Tomas Hertl and loses puck.
7:31 of 3rd period - Minor Penalty to Johnny Boychuk for Hooking.
7:32 of 3rd period - Michael Raffl wins face-off versus Dylan Larkin in Blues zone.
8:12 of 3rd period - Alexander Steen is hit by Kevan Miller and loses puck.
8:28 of 3rd period - Icing by Sami Vatanen.
8:29 of 3rd period - Henrik Sedin wins face-off versus Michael Raffl in Avalanche zone.
8:57 of 3rd period - Shot by Ryan Dzingel.
8:57 of 3rd period - Stopped by Jimmy Howard without a rebound.
8:58 of 3rd period - Dylan Larkin wins face-off versus Gustav Nyquist in Blues zone.
9:03 of 3rd period - Shot by Dylan Larkin.
9:03 of 3rd period - Shot Misses the Net.
9:05 of 3rd period - Shot by Chris Tanev.
9:05 of 3rd period - Shot Misses the Net.
9:07 of 3rd period - Shot by Chris Tanev.
9:07 of 3rd period - Shot Blocked by Kevan Miller.
9:09 of 3rd period - Shot by Tomas Hertl.
9:09 of 3rd period - Shot Misses the Net.
9:11 of 3rd period - Shot by Dylan Larkin.
9:11 of 3rd period - Shot Misses the Net.
9:21 of 3rd period - Shot by Dylan Larkin.
9:21 of 3rd period - Stopped by Jimmy Howard without a rebound.
9:22 of 3rd period - Radek Faksa wins face-off versus Mitch Marner in Blues zone.
10:30 of 3rd period - Shot by Kris Versteeg.
10:30 of 3rd period - Deflect By Mike Fisher.
10:30 of 3rd period - Stopped by Tristan Jarry without a rebound.
10:31 of 3rd period - Radek Faksa wins face-off versus Dylan Larkin in Avalanche zone.
10:40 of 3rd period - Shot by Alexander Steen.
10:40 of 3rd period - Shot Misses the Net.
10:42 of 3rd period - Shot by Tomas Hertl.
10:42 of 3rd period - Shot Blocked by Derrick Pouliot.
10:44 of 3rd period - Shot by Jaccob Slavin.
10:44 of 3rd period - Goal by Jaccob Slavin - Avalanche : 4 - Blues : 1.
10:45 of 3rd period - David Krejci wins face-off versus Mike Fisher in neutral zone.
10:50 of 3rd period - Shot by Ryan Dzingel.
10:50 of 3rd period - Deflect By David Krejci.
10:50 of 3rd period - Stopped by Jimmy Howard without a rebound.
10:51 of 3rd period - David Krejci wins face-off versus Radek Faksa in Blues zone.
11:05 of 3rd period - Ryan Dzingel is hit by Johnny Boychuk and loses puck.
11:33 of 3rd period - Icing by Johnny Boychuk.
11:34 of 3rd period - Radek Faksa wins face-off versus Alexander Steen in Blues zone.
11:34 of 3rd period - Radek Faksa is hit by Tomas Hertl.
11:37 of 3rd period - Minor Penalty to Tomas Hertl for Delaying the game.
11:38 of 3rd period - Mike Fisher wins face-off versus Dylan Larkin in Avalanche zone.
11:45 of 3rd period - Shot by Derrick Pouliot.
11:45 of 3rd period - Shot Misses the Net.
11:51 of 3rd period - Shot by Kris Versteeg.
11:51 of 3rd period - Deflect By Mike Fisher.
11:51 of 3rd period - Stopped by Tristan Jarry without a rebound.
11:52 of 3rd period - Dylan Larkin wins face-off versus Mike Fisher in Avalanche zone.
11:58 of 3rd period - Icing by Chris Wagner.
11:59 of 3rd period - Mike Fisher wins face-off versus Dylan Larkin in Blues zone.
13:13 of 3rd period - Icing by Kevan Miller.
13:14 of 3rd period - Radek Faksa wins face-off versus Dylan Larkin in Blues zone.
13:18 of 3rd period - Off-side.
13:19 of 3rd period - Chris Wagner wins face-off versus Dylan Larkin in neutral zone.
13:40 of 3rd period - Shot by Michael Raffl.
13:40 of 3rd period - Shot Misses the Net.
13:42 of 3rd period - Shot by Colin Wilson.
13:42 of 3rd period - Shot Blocked by Matt Grzelcyk.
13:52 of 3rd period - Shot by Pierre-Edouard Bellemare.
13:52 of 3rd period - Deflect By Michael Raffl.
13:52 of 3rd period - Stopped by Tristan Jarry without a rebound.
13:53 of 3rd period - Sonny Milano wins face-off versus Radek Faksa in Avalanche zone.
14:58 of 3rd period - Shot by Mike Fisher.
14:58 of 3rd period - Shot Blocked by Chris Tanev.
15:23 of 3rd period - Icing by Thomas Hickey.
15:24 of 3rd period - Dylan Larkin wins face-off versus Mike Fisher in Blues zone.
15:25 of 3rd period - Shot by Tomas Hertl.
15:25 of 3rd period - Stopped by Jimmy Howard without a rebound.
15:26 of 3rd period - Pierre-Edouard Bellemare wins face-off versus Alexander Steen in Blues zone.
17:41 of 3rd period - Shot by Ty Rattie.
17:41 of 3rd period - Stopped by Jimmy Howard without a rebound.
17:42 of 3rd period - Derek Stepan wins face-off versus Pierre-Edouard Bellemare in Blues zone.
17:43 of 3rd period - Shot by Mats Zuccarello.
17:43 of 3rd period - Stopped by Jimmy Howard without a rebound.
17:44 of 3rd period - Derek Stepan wins face-off versus Pierre-Edouard Bellemare in Blues zone.
17:51 of 3rd period - Derek Stepan is hit by Mikkel Boedker and loses puck.
17:56 of 3rd period - Shot by Gustav Nyquist.
17:56 of 3rd period - Stopped by Tristan Jarry without a rebound.
17:57 of 3rd period - Tomas Hertl wins face-off versus Colin Wilson in Avalanche zone.
18:24 of 3rd period - Shot by Colin Wilson.
18:24 of 3rd period - Shot Misses the Net.
18:26 of 3rd period - Shot by Derrick Pouliot.
18:26 of 3rd period - Shot Blocked by Troy Stecher.
18:28 of 3rd period - Shot by Chris Wagner.
18:28 of 3rd period - Shot Blocked by Chris Tanev.
18:30 of 3rd period - Shot by Thomas Hickey.
18:30 of 3rd period - Stopped by Tristan Jarry without a rebound.
18:31 of 3rd period - David Krejci wins face-off versus Radek Faksa in Avalanche zone.
18:31 of 3rd period - Mitch Marner is hit by Gustav Nyquist and loses puck.
18:50 of 3rd period - Icing by Nathan Beaulieu.
18:51 of 3rd period - Radek Faksa wins face-off versus Henrik Sedin in Blues zone.
Goals for this period are 1 for Avalanche vs 0 for Blues.
Shots for this period are 8 for Avalanche vs 13 for Blues.